 Dungeon Crawl Stone Soup version 0.23.2 (webtiles) character file.

Game seed: 8986269272480722369

3088 Borgoz the Cutter (level 9, -3/54 HPs)
             Began as a Gargoyle Gladiator on Apr 8, 2019.
             Was a Follower of Ashenzari.
             Slain by an orc warrior
             ... wielding a +0 war axe
              (15 damage)
             ... on level 7 of the Dungeon.
             The game lasted 00:16:30 (6419 turns).

Borgoz the Cutter (Gargoyle Gladiator)              Turns: 6419, Time: 00:16:31

Health: -3/54      AC: 13    Str: 20    XL:     9   Next: 89%
Magic:  14/14      EV: 15    Int: 10    God:    Ashenzari [*.....]
Gold:   403        SH:  0    Dex: 14    Spells: 13/14 levels left

rFire    . . .     SeeInvis .   a - +1 dagger (venom)
rCold    . . .     Gourm    .   (no shield)
rNeg     + . .     Faith    .   r - +0 leather armour {MR+}
rPois    ∞         Spirit   .   c - +0 helmet
rElec    +         Reflect  .   (no cloak)
rCorr    +         Harm     .   (no gloves)
MR       +....                  n - +1 pair of boots
Stlth    +++.......             e - amulet of regeneration
HPRegen  0.58/turn              s - +3 ring of strength
MPRegen  0.14/turn              F - ring of resist corrosion

@: about to teleport
A: negative energy resistance 1, electricity resistance, unbreathing,
petrification resistance, rot immunity, AC +6
a: Curse Item, Scrying, Renounce Religion


You were on level 7 of the Dungeon.
You worshipped Ashenzari.
Ashenzari was aware of your devotion.
You were not hungry.

You visited 2 branches of the dungeon, and saw 8 of its levels.
You also visited: Sewer.

You collected 403 gold pieces.

Inventory:

Hand Weapons
 a - a +1 dagger of venom (weapon)
 b - a +1 short sword of holy wrath
 i - a +0 rapier
 x - the +5 hand axe of Sequestration {freeze, Str+2 Dex+4 Stlth+}
   (You found it on level 5 of the Dungeon)

   It has been specially enchanted to freeze those struck by it, causing extra
   injury to most foes and up to half again as much damage against particularly
   susceptible opponents.
   It can also slow down cold-blooded creatures.
   It affects your strength (+2).
   It affects your dexterity (+4).
   It makes you more stealthy.
 A - a +0 dagger of speed
 C - a +0 rapier
 G - a +0 dagger of freezing
Missiles
 w - 5 tomahawks (quivered)
Armour
 c - a +0 helmet (worn)
 n - a +1 pair of boots (worn)
 r - a +0 leather armour of magic resistance (worn)
 B - a +1 leather armour of fire resistance
Jewellery
 e - an amulet of regeneration (around neck)
 s - a +3 ring of strength (left hand)
 D - an uncursed ring of protection from cold
 F - a ring of resist corrosion (right hand)
Wands
 t - a wand of disintegration (16)
 u - a wand of flame (14)
 z - a wand of iceblast (5)
Scrolls
 h - 5 scrolls of teleportation
 j - 4 scrolls of amnesia
 k - a scroll of fog
 l - 9 scrolls of remove curse
 y - 2 scrolls of magic mapping
Potions
 d - 2 potions of flight
 g - 2 potions of brilliance
 o - 3 potions of magic
 q - a potion of might
 v - 3 potions of curing
 E - a potion of agility
Comestibles
 f - 13 rations
 m - 8 chunks of flesh


   Skills:
 + Level 5.5 Fighting
 * Level 6.6 Short Blades
 - Level 1.7 Throwing
 + Level 4.8 Armour
 * Level 6.0 Dodging
 + Level 5.1 Stealth
 + Level 3.3 Spellcasting
 + Level 3.2 Hexes


You had 13 spell levels left.
You knew the following spells:

 Your Spells              Type           Power        Failure   Level  Hunger
a - Confusing Touch       Hex            #.....       9%          1    #......

Your spell library contained the following spells:

 Spells                   Type           Power        Failure   Level  Hunger
 Slow                     Hex            #.......     12%         2    ###....
 Animate Skeleton         Necr           N/A          30%         1    #......
 Apportation              Tloc           #.....       30%         1    #......
 Magic Dart               Conj           #...         30%         1    #......
 Summon Small Mammal      Summ           #...         30%         1    #......
 Blink                    Tloc           N/A          43%         2    ###....
 Call Imp                 Summ           #.......     43%         2    ###....
 Conjure Flame            Conj/Fire      #.......     67%         3    ###....
 Mephitic Cloud           Conj/Pois/Air  #.......     67%         3    ###....


Dungeon Overview and Level Annotations

Branches:
Dungeon (7/15)             Temple (1/1) D:5

Altars:
Ashenzari
Cheibriados
Dithmenos
Elyvilon
Fedhas
Gozag
Makhleb
Nemelex Xobeh
Okawaru
Qazlal
Trog
Uskayaw
Wu Jian
Yredelemnul
Zin

Shops:
D:4 :

Annotations:
D:4 3 runed translucent doors, JeronimusCornelisz's ghost, amateur MiBe
D:6 2 runed translucent doors, Frank's ghost, novice OpFi


Innate Abilities, Weirdness & Mutations

You are resistant to torment.
Your stone body is resilient. (AC +6)
You are immune to poison.
You resist negative energy. (rN+)
You are resistant to electric shocks. (rElec)
You can survive without breathing.
You are immune to petrification.
You are immune to rotting.


Message History

A wight comes into view.
It is wielding the +3 halberd of Welfare {flame, Int+4} and wearing a +2 ring mail of poison resistance.
You barely miss the manticore.
The manticore is lightly wounded.
The manticore closely misses you. x2
The manticore claws you but does no damage.
You hit the manticore.
The manticore is lightly wounded.
The manticore bites you! The manticore closely misses you.
The manticore claws you.
* * * LOW HITPOINT WARNING * * *
As you read the scroll of teleportation, it crumbles to dust.
You feel strangely unstable.
The manticore bites you but does no damage.
The manticore barely misses you. The manticore claws you.
* * * LOW HITPOINT WARNING * * *
You hit the manticore but do no damage.
The manticore looks as sick as possible!
The manticore is lightly wounded.
The orc warrior hits you with a +0 war axe!
You die...

#+#.....##.##..#..## #.
#..#..[.
..#.....##..#..#..# #.#
##.#....
........###.##.#.## #.#
#....). ........#
#..#.#.# #.# ##.#...
....###.###..##.###z#
#.....
..#...........#.##.#
##....
.....(....)##.#.#.######
#.###
...........##.##o.......
#..##
....#.#.....#..#@#.#.#.#
##.#.
....#.#..÷[.##.##H......
#...
....#.#.....##..#.#.#.#.
##.. ................##.
...# #..
...............#.# #.#
##. .............##.##.
# #.
.............##..#.# ##
.............###.##. #
.#.#.######### #..# #


You could see a manticore, an orc warrior and a wight.

Vanquished Creatures
  Eustachio (D:6)
  Menkaure (D:7)
  Duvessa (D:7)
  A hornet zombie (D:6)
  A sky beast (D:5)
  A phantom (D:7)
  An ice beast (D:6)
  A necrophage (D:7)
  4 ogres
  A centaur (D:5)
  3 big kobolds (Sewer)
  A bullfrog (D:4)
  Dowan (D:7)
  3 scorpions
  3 howler monkeys
  A crimson imp (D:7)
  2 bullfrog zombies
  2 hounds
  7 orc priests
  A gnoll shaman (D:5)
  2 bullfrog skeletons
  3 iguanas
  12 orc wizards
  4 worker ants
  A worker ant zombie (D:6)
  7 gnolls
  10 adders
  A howler monkey skeleton (D:6)
  2 river rats (Sewer)
  A shadow imp (D:5)
  3 oozes
  An adder skeleton (D:5)
  2 worms
  2 dart slugs (D:2)
  8 leopard geckos
  20 orcs
  6 bats
  2 giant cockroaches
  8 goblins
  9 hobgoblins
  6 jackals
  6 kobolds
  A quokka (D:4)
  2 ball pythons (Sewer)
  2 frilled lizards
  2 jackal zombies
  A quokka skeleton (D:7)
  10 rats
171 creatures vanquished.

Notes
Turn   | Place    | Note
-------+----------+-------------------------------------------
     0 | D:1      | Borgoz the Gargoyle Gladiator began the quest for the Orb.
     0 | D:1      | Reached XP level 1. HP: 12/12 MP: 1/1
   238 | D:1      | Reached XP level 2. HP: 17/17 MP: 2/2
   779 | D:2      | Reached XP level 3. HP: 13/22 MP: 3/3
   911 | D:2      | Noticed an angel
   912 | D:2      | Found a glowing silver altar of Zin.
   987 | D:2      | Reached skill level 1 in Armour
  1043 | D:2      | Reached skill level 1 in Stealth
  1379 | D:3      | Reached XP level 4. HP: 26/27 MP: 4/4
  1472 | D:3      | Reached XP level 5. HP: 9/32 MP: 5/5
  2109 | D:4      | Noticed an ogre
  2112 | D:4      | Noticed an ogre
  2136 | D:4      | Killed an ogre
  2136 | D:4      | Reached XP level 6. HP: 13/37 MP: 6/6
  2409 | D:4      | Found Ynerhyaq's Book Shop.
  2413 | D:4      | Found a runed translucent gate.
  2414 | D:4      | Found a runed translucent gate.
  2416 | D:4      | Found a runed translucent gate.
  2416 | D:4      | Noticed JeronimusCornelisz's ghost (amateur MiBe)
  2419 | D:4      | Learned a level 1 spell: Confusing Touch
  2450 | D:4      | Reached XP level 7. HP: 41/41 MP: 7/7
  2630 | D:4      | Found a glowing drain.
  2640 | Sewer    | Entered a sewer
  2902 | Sewer    | Reached skill level 1 in Spellcasting
  2972 | Sewer    | Reached skill level 1 in Hexes
  3243 | D:4      | Reached XP level 8. HP: 43/48 MP: 8/10
  3335 | D:4      | Found a shattered altar of Ashenzari.
  3340 | D:4      | Became a worshipper of Ashenzari the Shackled
  3669 | D:4      | Reached skill level 5 in Short Blades
  3819 | D:5      | Entered Level 5 of the Dungeon
  3829 | D:5      | Found a shattered altar of Ashenzari.
  4049 | D:5      | Found a staircase to the Ecumenical Temple.
  4066 | Temple   | Entered the Ecumenical Temple
  4753 | D:5      | Got the hand axe of Sequestration {freeze, Str+2 Dex+4
                  | Stlth+}
  4755 | D:5      | Identified the +5 hand axe of Sequestration {freeze, Str+2
                  | Dex+4 Stlth+} (You found it on level 5 of the Dungeon)
  4876 | D:5      | Reached skill level 5 in Dodging
  5092 | D:6      | Found an ornate altar of the Wu Jian Council.
  5111 | D:6      | Noticed Eustachio
  5249 | D:6      | Reached XP level 9. HP: 49/52 MP: 12/12
  5303 | D:6      | Killed Eustachio
  5642 | D:6      | Reached skill level 5 in Fighting
  5726 | D:6      | Found a hide-covered altar of Uskayaw.
  5753 | D:6      | Reached * piety under Ashenzari
  5759 | D:6      | Found a runed translucent door.
  5760 | D:6      | Noticed Frank's ghost (novice OpFi)
  5777 | D:6      | Found a runed translucent door.
  5831 | D:7      | Found a shadowy altar of Dithmenos.
  5929 | D:7      | Noticed Duvessa
  5929 | D:7      | Noticed Dowan
  5954 | D:7      | Killed Duvessa
  5955 | D:7      | Killed Dowan
  6187 | D:7      | Found a snail-covered altar of Cheibriados.
  6269 | D:7      | Reached skill level 5 in Stealth
  6285 | D:7      | Noticed Menkaure
  6303 | D:7      | Killed Menkaure
  6404 | D:7      | Noticed a manticore
  6415 | D:7      | Identified the +3 halberd of Welfare {flame, Int+4}
  6419 | D:7      | Slain by an orc warrior

Skill      XL: |  1  2  3  4  5  6  7  8  9 |
---------------+----------------------------+-----
Short Blades   | 3 4 5 6 |  6.6
Armour         | 1 2 3 4 |  4.8
Stealth        | 1 2 3 4 5 |  5.1
Dodging        | 3 4 5 6 |  6.0
Fighting       | 3 4 5 |  5.5
Spellcasting   | 1 2 3 |  3.3
Hexes          | 1 2 3 |  3.2
Throwing       | |  1.7

Action                   |  1- 3 |  4- 6 |  7- 9 || total
-------------------------+-------+-------+-------++-------
Melee: Rapier            |    25 |       |       ||    25
       Short sword       |   101 |   118 |   391 ||   610
       Dagger            |       |    78 |   509 ||   587
       Hand axe          |       |       |    88 ||    88
Throw: Throwing net      |       |     2 |     3 ||     5
  Use: Potion            |       |     5 |     7 ||    12
       Scroll            |       |     3 |    11 ||    14
 Stab: Held in net/web   |       |     1 |     1 ||     2
       Sleeping          |       |     1 |     4 ||     5
       Distracted        |       |       |     1 ||     1
  Eat: Chunk             |     2 |     3 |    15 ||    20
Armor: Leather armour    |    42 |       |   117 ||   159
       Ring mail         |    12 |    93 |   218 ||   323
Dodge: Dodged            |    98 |    93 |   520 ||   711
